 Dungeon Crawl Stone Soup version 0.30-a0-634-g8abc85282e (webtiles) character file.

Game seed: 5233663416200939959

3290 Rrauwl the Skirmisher (level 9, 0/69 HPs)
             Began as a White Draconian Hunter on Jan 14, 2023.
             Was an Elder of Okawaru.
             Killed from afar by an orc wizard (3 damage)
             ... with a magic dart
             ... on level 8 of the Dungeon.
             The game lasted 00:24:14 (7427 turns).

Rrauwl the Skirmisher (White Draconian Hunter)      Turns: 7427, Time: 00:24:14

Health: 0/69       AC:  8    Str: 17    XL:     9   Next: 69%
Magic:  9/9        EV: 27    Int:  9    God:    Okawaru [****..]
Gold:   420        SH:  0    Dex: 19    Spells: 8/8 levels left

rFire   + . .      SeeInvis .    a - +9 dagger of Dithmenos's Approval {venom, +Blink rF+ Dex+3}
rCold   + . .      Faith    .    (no shield)
rNeg    . . .      Spirit   .    (body armour unavailable)
rPois   .          Reflect  .    (helmet restricted)
rElec   .          Harm     .    (no cloak)
rCorr   .          Rampage  .    (no gloves)
Will    .....                    m - +0 pair of boots
Stlth   ++                       c - amulet of the acrobat
HPRegen 0.31/turn                n - ring of flight
MPRegen 0.11/turn                (no ring)

@: acrobatic, flying, unable to read
A: breathe frost, AC +7, unfitting armour, cold resistance 1, cold-blooded,
stinger 1, inability to read after injury 1
a: Breathe Frost, Renounce Religion, Evoke Blink, Heroism, Finesse


You were on level 8 of the Dungeon.
You worshipped Okawaru.
Okawaru was greatly pleased with you.
You visited 2 branches of the dungeon, and saw 9 of its levels.

You collected 420 gold pieces.

Inventory:

Hand Weapons
 a - the +9 dagger of Dithmenos's Approval (weapon) {venom, +Blink rF+ Dex+3}
   (You found it on level 2 of the Dungeon)

   Dex:       It affects your dexterity (+3).
   rF:        It protects you from fire.
   +Blink:    It lets you blink.
 b - a +1 shortbow
Missiles
 f - 10 poisoned darts
Armour
 j - a +0 tower shield
 m - a +0 pair of boots (worn)
Jewellery
 c - an amulet of the acrobat (around neck)
 n - a ring of flight (left hand)
 s - an amulet of faith
Wands
 o - a wand of iceblast (8)
Scrolls
 i - a scroll of fog
 k - 4 scrolls of immolation
 l - 3 scrolls of identify
 q - 2 scrolls of teleportation
 t - a scroll of fear
Potions
 d - 2 potions of attraction
 e - 2 potions of brilliance
 g - 2 potions of flight
 h - a potion of lignification
 p - a potion of cancellation
 r - 2 potions of curing


   Skills:
 - Level 3.0 Fighting
 + Level 8.9 Short Blades
 + Level 10.1 Ranged Weapons
 - Level 2.0 Dodging
 - Level 1.0 Stealth


You had 8 spell levels left.
You didn't know any spells.
Your spell library was empty.

Dungeon Overview and Level Annotations

Branches:
Dungeon (8/15)             Temple (1/1) D:4
   Lair: D:8-11

Altars:
Dithmenos
Elyvilon
Fedhas
Kikubaaqudgha
Makhleb
Nemelex Xobeh
Okawaru
Qazlal
Sif Muna
Uskayaw
Vehumet
Wu Jian
Xom
Zin
The Shining One

Annotations:
D:7 2 transporters


Innate Abilities, Weirdness & Mutations

You can breathe waves of freezing cold which knock back foes.
Your icy white scales are hard. (AC +7)
You cannot fit into any form of body armour.
Your flesh is cold resistant. (rC+)
You are cold-blooded and may be slowed by cold attacks.
Your tail ends in a venomous barb.
You occasionally lose the ability to read scrolls when taking damage.


Message History

The orc warrior hits you with a +0 mace.
Fire: b) +1 shortbow
Press: ? - help, Q - select action, (/) - cycle Shift-Dir - straight line, f/p - orc warrior
Aim: an orc warrior, wielding a +0 mace and wearing a +0 chain mail (almost dead, 64% to hit)
You shoot an arrow.
The arrow closely misses the orc warrior.
The orc warrior hits you with a +0 mace!
You feel threatened and lose the ability to read scrolls!
Fire: b) +1 shortbow
Press: ? - help, Q - select action, (/) - cycle Shift-Dir - straight line, f/p - orc warrior
Aim: an orc warrior, wielding a +0 mace and wearing a +0 chain mail (almost dead, 64% to hit)
You shoot an arrow.
The arrow barely misses the orc warrior.
The arrow hits the orc!
You kill the orc!
Okawaru accepts your kill.
The orc warrior hits you with a +0 mace!
* * * LOW HITPOINT WARNING * * *
Okay, then.
You cannot read scrolls in your current state!
You feel agile.
The +9 dagger of Dithmenos's Approval {venom, +Blink rF+ Dex+3} begins to drip with poison!
a - the +9 dagger of Dithmenos's Approval (weapon)
{venom, +Blink rF+ Dex+3} You hit the orc warrior but do no damage.
The orc warrior is poisoned.
The orc warrior is almost dead.
The orc warrior hits you with a +0 mace!
* * * LOW HITPOINT WARNING * * *
The orc warrior attacks as you move away!
The orc warrior closely misses you.
You kill the orc warrior!
Okawaru accepts your kill.
A puff of flame appears from out of thin air!
The puff of flame misses you.
A magic dart appears from out of thin air!
The magic dart hits you.
* * * LOW HITPOINT WARNING * * *
A magic dart appears from out of thin air!
The magic dart hits you.
You die...

#####.##.##.............
#...........############
....###.##.#### # #
#)##{# # #{##.# # #)##.#
# #.##.# # #.##.##
#.#@..# #..!.........
#.###...##### #o ##.## #
###


There were no monsters in sight!

Vanquished Creatures
  A two-headed ogre (D:6)
  A steam dragon (D:6)
  4 water moccasins
  Duvessa (D:6)
  3 ice beasts
  3 sky beasts (D:7)
  An orc warrior (D:8)
  A black bear (D:6)
  An ogre (D:5)
  A gnoll sergeant (D:7)
  4 wights (D:7)
  Dowan (D:6)
  2 howler monkeys
  The ghost of oswald641 the Trooper, a weakling GrFi (D:3)
  2 jellies
  4 hounds
  3 orc priests
  3 iguanas
  4 orc wizards
  15 gnolls
  8 adders
  A river rat (D:3)
  3 worms
  5 dart slugs
  24 orcs
  4 bats
  3 endoplasms
  5 giant cockroaches
  3 goblins
  7 hobgoblins
  7 quokkas
  13 ball pythons
  11 kobolds
  4 rats
154 creatures vanquished.

Notes
Turn   | Place    | Note
-------+----------+-------------------------------------------
     0 | D:1      | Rrauwl the Draconian Hunter began the quest for the Orb.
     0 | D:1      | Reached XP level 1. HP: 17/17 MP: 1/1
    18 | D:1      | Reached skill level 1 in Stealth
   147 | D:1      | Reached XP level 2. HP: 25/25 MP: 2/2
   252 | D:1      | Reached skill level 4 in Ranged Weapons
   334 | D:1      | Reached XP level 3. HP: 31/31 MP: 3/3
  1191 | D:2      | Reached XP level 4. HP: 37/38 MP: 4/4
  1203 | D:2      | Reached skill level 5 in Ranged Weapons
  1452 | D:2      | Identified the +9 dagger of Dithmenos's Approval {venom,
                  | +Blink rF+ Dex+3}
  1599 | D:3      | Found a faded altar of an unknown god.
  1652 | D:3      | Found a runed translucent door.
  2170 | D:3      | Found a runed translucent door.
  2215 | D:3      | Noticed oswald641's ghost (weakling GrFi)
  2331 | D:3      | Reached XP level 5. HP: 45/45 MP: 5/5
  2346 | D:3      | Killed oswald641's ghost
  2533 | D:3      | Reached skill level 1 in Short Blades
  2599 | D:4      | Reached skill level 6 in Ranged Weapons
  2619 | D:4      | Reached XP level 6. HP: 45/51 MP: 6/6
  2753 | D:4      | Found a staircase to the Ecumenical Temple.
  2767 | Temple   | Entered the Ecumenical Temple
  3020 | Temple   | Became a worshipper of Warmaster Okawaru
  3587 | D:4      | Found an ancient bone altar of Kikubaaqudgha.
  3827 | D:5      | Entered Level 5 of the Dungeon
  3830 | D:5      | Your scales start taking on an icy white colour.
  3830 | D:5      | Reached XP level 7. HP: 57/57 MP: 7/7
  3830 | D:5      | Gained mutation: Your flesh is cold resistant. (rC+) [White
                  | Draconian growth]
  3851 | D:5      | Reached * piety under Okawaru
  4085 | D:5      | Reached skill level 7 in Ranged Weapons
  4230 | D:5      | Gained mutation: You occasionally lose the ability to read
                  | scrolls when taking damage. [potion of mutation]
  4230 | D:5      | Gained mutation: Your tail ends in a venomous barb. [potion
                  | of mutation]
  4770 | D:6      | Noticed Duvessa
  4771 | D:6      | Noticed Dowan
  4873 | D:6      | Killed Dowan
  4913 | D:6      | Noticed a two-headed ogre
  4935 | D:6      | Killed a two-headed ogre
  4935 | D:6      | Reached ** piety under Okawaru
  4936 | D:6      | Reached skill level 8 in Ranged Weapons
  4936 | D:6      | Reached XP level 8. HP: 63/63 MP: 8/8
  4952 | D:6      | Killed Duvessa
  5227 | D:6      | Reached *** piety under Okawaru
  5375 | D:6      | Reached skill level 9 in Ranged Weapons
  5375 | D:6      | Reached XP level 9. HP: 66/69 MP: 9/9
  5625 | D:7      | Found a transporter.
  5625 | D:7      | Found a transporter.
  6449 | D:7      | Noticed a cyclops
  7044 | D:7      | Reached **** piety under Okawaru
  7045 | D:7      | Reached skill level 10 in Ranged Weapons
  7424 | D:8      | HP: 2/69 [something/magic dart (6)]
  7427 | D:8      | Killed from afar by an orc wizard

Illustrated notes

Levels and vault maps discovered:
D:1:      mushboom_english_gardens, layout_loops_ring
D:2:      layout_loops_ring
D:3:      layout_basic, hellmonk_ecumenical_altar_pennies_from_heaven,
          ebering_ghost_sewer_f, serial_aquarium, aquarium_bridge_island_small
          [aquarium_subvault_small_open, aquarium_subvault_bridge,
          aquarium_subvault_wall, aquarium_subvault_wall,
          aquarium_subvault_bridge], aquarium_bridge_square
          [aquarium_subvault_balcony, aquarium_subvault_bridge,
          aquarium_subvault_wall, aquarium_subvault_bridge], aquarium_window_2,
          aquarium_window_1, aquarium_view_4, hangedman_feature_mirror
D:4:      layout_cave_pods, kennysheep_little_box,
          minmay_temple_entry_stoned_glass
D:5:      layout_basic
D:6:      layout_rooms, uniq_duvessa
D:7:      gammafunk_beogh_shrine, layout_rooms
D:8:      layout_loops_ring, mainiacjoe_overflow_surrounded_room
Temple:   dpeg_chambers_temple

Skill      XL: |  1  2  3  4  5  6  7  8  9 |
---------------+----------------------------+-----
Stealth        | 1 |  1.0
Dodging        | 2 |  2.0
Ranged Weapons | 4 5 6 8 9 10 | 10.1
Fighting       | 3 |  3.0
Short Blades   | 1 3 6 7 8 |  8.9

Action                   |  1- 3 |  4- 6 |  7- 9 || total
-------------------------+-------+-------+-------++-------
Melee: Dagger            |       |    85 |    78 ||   163
       Tailslap          |       |     7 |    11 ||    18
       Punch             |       |     1 |     1 ||     2
 Fire: Shortbow          |   126 |    63 |   302 ||   491
Throw: Throwing net      |       |       |     1 ||     1
Invok: Heroism           |       |       |     1 ||     1
 Abil: Breathe Frost     |       |       |     1 ||     1
  Use: Scroll            |     3 |     9 |     3 ||    15
       Potion            |     2 |     2 |     5 ||     9
 Stab: Sleeping          |       |     1 |     1 ||     2
       Held in net/web   |       |       |     1 ||     1
Armor: Skin              |    14 |    19 |    50 ||    83
Dodge: Dodged            |    25 |    49 |    94 ||   168

Table legend: (Time is in decaauts)
 A = Elapsed time spent in this place.
 B = Non-inter-level travel time spent in this place.
 C = Inter-level travel time spent in this place.
 D = Time resting spent in this place.
 E = Time spent auto-exploring this place.
 F = Levels seen in this place.
 G = Mean time per level.
                   A        B        C        D        E       F      G
               +--------+--------+--------+--------+--------+-----+--------+
         Total |   7438 |   7095 |    343 |     56 |   5681 |   9 |  826.4 |
       Dungeon |   7157 |   6889 |    268 |     56 |   5489 |   8 |  894.6 |
        Temple |    280 |    205 |     75 |      0 |    192 |   1 |  280.0 |
               +--------+--------+--------+--------+--------+-----+--------+

Top non-repeatable levels by time:
     D:6: 1395 daAuts
     D:5: 997 daAuts
     D:4: 996 daAuts
     D:3: 974 daAuts
     D:7: 930 daAuts
     D:2: 900 daAuts
     D:1: 729 daAuts
  Temple: 280 daAuts
     D:8: 234 daAuts
